Unix NetHack Version 5.0.0-0 post-release - last build May  3 2026 23:40:34 (9823c992c0763bbd039eca2974112f46eaf799b3,branch:main).

Game began 2026-05-04 12:58:51, ended 2026-05-04 15:05:45.

08245982402, chaotic male human Barbarian

                                                            -------
                                                           #......|
                                                        ####|.o...|
                                                        #   |....<|
                                                |.      # ##.......#
                                                |...    #@# -------#
                                                |.....  s          #
                                               #|......%#          #
                                            ####|.....(            #
                                            #   --- ---            #
                                            #                      #
                                         ####                      #
                     `######             #                         #-------
                           `#####        #                         #|.....|
                               -.---- ####                        ##.>....|
                               |.....##                           ##|.....|
                               |....|                      #########......|
                               |`....#######################        |.....|
                                -----                               -------

08245982402 the Pillager   St:18 Dx:16 Co:18 In:7 Wi:8 Ch:6  Chaotic
Dlvl:7  $:151 HP:0(46) Pw:12(12) AC:8  Xp:5 T:1765 

Latest messages:
 You try to move the boulder, but in vain.
 With great effort you move the boulder.
 You try to move the boulder, but in vain.
 You try to move the boulder, but in vain.
 You try to move the boulder, but in vain.
 You try to move the boulder, but in vain.
 You try to move the boulder, but in vain.
 You hear a door open.
 You see here a scroll labeled LOREM IPSUM.
 t - a scroll labeled LOREM IPSUM (2 in total).
 You find a hidden door.
 The kobold lord opens a door.
 You smite the kobold lord!
 The kobold lord hurls a dark potion!
 The jar crashes on your head and breaks into shards.
 The dark potion evaporates.
 It suddenly gets dark.
 Wait!  There's something there you can't see!
 It hits!
 You kill it!
 Wait!  There's something there you can't see!
 It bites!
 You can see again.
 You smite the dingo!
 The dingo bites!
 You kill the dingo!
 You smite the giant spider!
 The giant spider bites!
 The giant spider's bite was poisoned!
 The poison doesn't seem to affect you.
 You miss the giant spider.
 The giant spider bites!
 You miss the giant spider.
 The giant spider bites!
 You miss the giant spider.
 The giant spider bites!
 You smite the giant spider!
 The giant spider bites!
 The giant spider bites!
 The giant spider bites!
 The giant spider bites!
 The giant spider bites!
 The giant spider's bite was poisoned!
 The poison doesn't seem to affect you.
 You die...
 Do you want your possessions identified? [ynq] (y) y
 Do you want to see your attributes? [ynq] (y) y
 Do you want an account of creatures vanquished? [ynaq] (y) y
 Do you want to see your conduct and achievements? [ynq] (y) y
 Do you want to see the dungeon overview? [ynq] (y) y

Inventory:
 Coins    ('$')
  $ - 151 gold pieces
 Weapons  (')')
  x - a blessed +3 sling
  m - a +0 sling
  p - a blessed +0 elven dagger
  j - a blessed +2 orcish dagger
  z - a +3 orcish dagger
  l - a +0 orcish dagger
  a - a +0 battle-axe (weapon in hands)
  b - a +0 short sword (alternate weapon; not wielded)
 Armor    ('[')
  r - an uncursed +0 helm of caution
  s - a blessed +1 orcish helm
  c - an uncursed rusty +0 ring mail (being worn)
 Comestibles  ('%')
  w - an uncursed tin of soup made from coyote meat
 Scrolls  ('?')
  e - an uncursed scroll of enchant weapon
  q - 2 uncursed scrolls of identify
  t - 2 cursed scrolls of light
  i - an uncursed scroll of teleportation
  v - a cursed scroll of teleportation
 Spellbooks  ('+')
  h - an uncursed spellbook of blank paper
  g - an uncursed spellbook of restore ability
 Gems/Stones  ('*')
  u - 2 uncursed worthless pieces of blue glass
  n - 4 uncursed flint stones
  y - 5 uncursed rocks

08245982402 the Barbarian's attributes:

Background:
 You were a Pillager, a level 5 male human Barbarian.
 You were chaotic, nominally on a mission for Set
 who was opposed by Mitra (lawful) and Crom (neutral).
 You were right-handed.
 You were in the Dungeons of Doom, on level 7.
 You entered the dungeon 1765 turns ago.
 There was a full moon in effect when your adventure ended.
 You had 257 experience points, 63 more were needed to attain level 6.

Basics:
 You had 0 out of 46 hit points.
 You had all 12 energy points (spell power).
 Your armor class was 8.
 Your wallet contained 151 zorkmids.
 Autopickup was off.

Final Characteristics:
 Your strength was 18 (limit:18/100).
 Your dexterity was 16 (limit:18).
 Your constitution was 18 (limit:18).
 Your intelligence was 7 (limit:18).
 Your wisdom was 8 (limit:18).
 Your charisma was 6 (limit:18).

Final Status:
 You weren't hungry.
 You were unencumbered.
 You were wielding an axe.
 You had basic skill with axe.

Final Attributes:
 You were devoutly aligned.
 You were poison resistant.
 You were warded.
 You were lucky.
 You are dead.

Miscellaneous:
 You didn't encounter any bones levels.
 Total elapsed playing time was 25 minutes and 13 seconds.

Major events:
 Turn
    1: 08245982402 the chaotic male human Barbarian entered the dungeon
  486: attained the rank of Pillager (level 3)
 1765: killed by a giant spider

You didn't know any spells.

Skills:
 Fighting Skills
   bare handed combat [Basic]
   two weapon combat  [Unskilled]
   riding             [Unskilled]
 Weapon Skills
   dagger             [Unskilled]
   axe                [Basic]
   pick-axe           [Unskilled]
   short sword        [Basic]
   broadsword         [Unskilled]
   long sword         [Unskilled]
   two-handed sword   [Unskilled]
   saber              [Unskilled]
   club               [Unskilled]
   mace               [Unskilled]
   morning star       [Unskilled]
   flail              [Unskilled]
   hammer             [Unskilled]
   quarterstaff       [Unskilled]
   spear              [Unskilled]
   trident            [Unskilled]
   bow                [Unskilled]
 Spellcasting Skills
   attack spells      [Unskilled]
   escape spells      [Unskilled]

Voluntary challenges:
 Character rerolling was not enabled.
 You were an atheist.
 You were illiterate.
 You never genocided any monsters.
 You never polymorphed an object.
 You never changed form.
 You used no wishes.
Achievements:
 You attained the rank of Pillager.
 You entered a shop.

 The Dungeons of Doom: levels 1 to 7
    Level 1:
    Level 4:
       Many altars.
    Level 5:
       A general store.
    Level 6:
       A general store, a grave.
    Level 7: <- You were here.
       Final resting place for
          you, killed by a giant spider.


Vanquished creatures:
  a dingo
  a rock piercer
  3 fog clouds
  a violet fungus
  a little dog
  a kobold leader
  5 hill orcs
  a giant bat
  a gas spore
  3 hobbits
  a green mold
  a red mold
  3 gnomes
  2 goblins
  a lichen
  3 newts
29 creatures vanquished.

No species were genocided or became extinct.

Game over:
                       ----------
                      /          \
                     /    REST    \
                    /      IN      \
                   /     PEACE      \
                  /                  \
                  |   08245982402    |
                  |      151 Au      |
                  |   killed by a    |
                  |   giant spider   |
                  |                  |
                  |                  |
                  |       2026       |
                 *|     *  *  *      | *
        _________)/\\_//(\/(/\)/\//\/|_)_______

Goodbye 08245982402 the Barbarian...

You died in The Dungeons of Doom on dungeon level 7 with 1464 points,
and 151 pieces of gold, after 1765 moves.
You were level 5 with a maximum of 46 hit points when you died.

